 Dungeon Crawl Stone Soup version 0.26.1-11-gd32895ea62 (webtiles) character file.

Game seed: 9745001157585251669

483 H0rd4k the Stinger (level 6, 0/24 HPs)
             Began as a Felid Venom Mage on July 5, 2021.
             Was an Initiate of Gozag.
             Slain by a quokka (2 damage)
             ... on level 4 of the Dungeon.
             The game lasted 00:12:48 (5526 turns).

H0rd4k the Stinger (Felid Venom Mage)               Turns: 5526, Time: 00:12:48

Health: 0/24       AC:  2    Str:  4    XL:     6   Next: 88%
Magic:  7/14       EV: 19    Int: 18    God:    Gozag
Gold:   271        SH:  5    Dex: 17    Spells: 7/14 levels left
                                        Lives:  0   Deaths: 1

rFire    . . .     SeeInvis +     - Unarmed
rCold    . . .     Faith    .   (shield unavailable)
rNeg     . . .     Spirit   .   (armour unavailable)
rPois    .         Reflect  +   (helmet unavailable)
rElec    .         Harm     .   (cloak unavailable)
rCorr    .         Rampage  .   (gloves unavailable)
Will     .....                  (boots unavailable)
Stlth    +++.......             m - amulet of reflection
HPRegen  0.08/turn              (no ring)
MPRegen  0.14/turn              (no ring)

@: gold aura, quick
A: very small, no armour, no weapons or thrown items, stealth, claws 1, fangs 3,
see invisible, speed 1, shaggy fur 2, sharp paws
a: Renounce Religion, Potion Petition, Call Merchant, Bribe Branch


You were on level 4 of the Dungeon.
You worshipped Gozag.
Gozag was aware of your devotion.
You visited 1 branch of the dungeon, and saw 4 of its levels.

You collected 330 gold pieces.
You paid 59 gold pieces to Gozag.

Inventory:

Jewellery
 l - an uncursed amulet of faith
 m - an amulet of reflection (around neck)
Scrolls
 a - a scroll of immolation
 e - a scroll of magic mapping {unknown}
 g - a scroll of fear {unknown}
 i - 2 scrolls of remove curse
 j - a scroll of amnesia {unknown}
 k - 4 scrolls of teleportation {unknown}
Potions
 b - a potion of mutation {unknown}
 c - a potion of degeneration {unknown}
 d - 2 potions of heal wounds
 f - a potion of brilliance {unknown}
 h - 3 potions of curing {unknown}


   Skills:
 + Level 0.1 Fighting
 + Level 3.5 Dodging
 + Level 3.1 Stealth
 + Level 1.1 Unarmed Combat
 + Level 4.7 Spellcasting
 + Level 2.6 Transmutations
 + Level 2.3 Air Magic
 + Level 4.9 Poison Magic


You had 7 spell levels left.
You knew the following spells:

 Your Spells              Type           Power        Failure   Level
a - Sting                 Tmut/Pois      68%          3%          1
b - Poisonous Vapours     Pois/Air       34%          4%          2
c - Olgreb's Toxic Radia  Pois           21%          19%         4

Your spell library contained the following spells:

 Spells                   Type           Power        Failure   Level
 Ignite Poison            Fire/Tmut/Pois 13%          14%         3
 Mephitic Cloud           Conj/Pois/Air  12%          16%         3


Dungeon Overview and Level Annotations

Branches:
Dungeon (4/15)
 Temple: D:4-7

Altars:
Gozag
Trog
Zin

Annotations:
D:3 exclusions: downstairs and eye of draining, Grinder


Innate Abilities, Weirdness & Mutations

You cannot wear armour.
You are incapable of wielding weapons or throwing items.
Your paws allow you to move quietly. (Stealth)
You have sharp claws.
You have razor-sharp teeth.
You have supernaturally acute eyesight. (SInv)
You cover ground quickly.
You are covered in thick fur. (AC +2)
Your sharp claws are effective at attacking unaware monsters.


Message History

The hound skeleton barely misses you.
You closely miss the quokka. You closely miss the quokka.
The hound skeleton barely misses you. The quokka misses you.
You scratch the hound skeleton.
The hound skeleton is severely damaged.
The hound skeleton barely misses you. The quokka bites you.
* * * LOW HITPOINT WARNING * * *
You scratch the hound skeleton but do no damage.
The hound skeleton is severely damaged.
The hound skeleton bites you.
* * * LOW HITPOINT WARNING * * *
The quokka misses you.
A quokka comes into view.
The hound skeleton bites you but does no damage.
There is a stone staircase leading up, spattered with blood here.
You see here 5 gold pieces.
The quokka bites you.
You die...
Your body crumbles into a pile of gold.

#...... #.....?.# .
##.......# .. #........##
♣..♣######..........
♣..................
.###................
.........Z....$.## .
.....##..r@.....# ...
###.$...........#
##..#####..#.$........#######
............/#............$.$
....o$$<$..(........$.##++##
#####.....#.##$.......#
....#!.......#r######.# #
##..#........... #.# .#
###.#...........# #.# ..#


You could see 2 quokkas and a hound skeleton.

Vanquished Creatures
  2 ogres (D:4)
  A water moccasin skeleton (D:4)
  2 hounds
  A centaur skeleton (D:4)
  An orc priest (D:3)
  2 orc wizards (D:3)
  An iguana (D:4)
  5 worker ants
  A gnoll (D:1)
  2 adders
  2 oozes
  2 worms (D:2)
  A leopard gecko (D:2)
  13 orcs
  2 ball pythons (D:4)
  6 bats
  6 giant cockroaches
  4 goblins
  6 hobgoblins
  6 frilled lizards
  6 kobolds
  6 rats
78 creatures vanquished.

Notes
Turn   | Place    | Note
-------+----------+-------------------------------------------
     0 | D:1      | H0rd4k the Felid Venom Mage began the quest for the Orb.
     0 | D:1      | Reached XP level 1. HP: 7/7 MP: 4/4
   343 | D:1      | Reached XP level 2. HP: 6/11 MP: 0/6
   769 | D:1      | Reached XP level 3. HP: 8/14 MP: 0/7
   773 | D:1      | Learned a level 2 spell: Poisonous Vapours
  2429 | D:2      | Reached XP level 4. HP: 18/18 MP: 1/9
  2742 | D:3      | Noticed Grinder
  3117 | D:3      | Found a glowing silver altar of Zin.
  3117 | D:3      | Found an opulent altar of Gozag.
  3232 | D:3      | Became a worshipper of Gozag Ym Sagoz the Greedy
  3359 | D:3      | Found a bloodstained altar of Trog.
  3359 | D:3      | Noticed an eye of draining
  3359 | D:3      | Noticed an eye of draining
  3547 | D:3      | Reached XP level 5. HP: 9/21 MP: 2/11
  3833 | D:3      | Reached skill level 1 in Air Magic
  4753 | D:3      | Learned a level 4 spell: Olgreb's Toxic Radiance
  4994 | D:4      | Noticed an ogre
  5004 | D:3      | Gained mutation: You are covered in thick fur. (AC +2)
                  | [Felid growth]
  5004 | D:3      | Reached XP level 6. HP: 24/24 MP: 6/12
  5087 | D:4      | Slain by a howler monkey
  5088 | D:4      | Reached XP level 5. HP: 0/21 MP: 1/12
  5293 | D:4      | Reached XP level 6. HP: 24/24 MP: 2/13
  5510 | D:4      | Reached skill level 1 in Unarmed Combat
  5526 | D:4      | Slain by a quokka

Illustrated notes

Levels and vault maps discovered:
D:1:      wander_arrival_desolate, layout_loops_ring, minmay_tromino_v2
D:2:      layout_basic
D:3:      layout_loops_corners, grunt_temple_overflow_gold_and_silver,
          trog_eyes_of_draining, uniq_grinder
D:4:      minmay_recursive_quarters, layout_rooms, kennysheep_ying_yang,
          kennysheep_mini_moat, general_overflow_altar, serial_shops, shop

Skill      XL: |  1  2  3  4  5  6 |
---------------+-------------------+-----
Poison Magic   | 3 4 |  4.9
Spellcasting   | 3 4 |  4.7
Stealth        | 3 |  3.1
Air Magic      | 1 2 |  2.3
Transmutations | 2 |  2.6
Dodging        | 3 |  3.5
Unarmed Combat | 1 |  1.1
Fighting       | |  0.1

Action                   |  1- 3 |  4- 6 || total
-------------------------+-------+-------++-------
Melee: Unarmed           |    19 |    45 ||    64
       Bite              |     1 |     7 ||     8
 Cast: Sting             |    63 |    43 ||   106
       Poisonous Vapours |    22 |    59 ||    81
  Use: Scroll            |       |     2 ||     2
       Potion            |       |     1 ||     1
 Stab: Distracted        |       |     1 ||     1
Armor: Skin              |     5 |     7 ||    12
Dodge: Dodged            |    53 |    80 ||   133
Block: Other             |       |    20 ||    20
